 Dungeon Crawl Stone Soup version 0.27.1-34-g3ba077fa99 (webtiles) character file.

Game seed: 17601481278417822560

25 belegose the Magician (level 2, -1/19 HPs)
             Began as a Mummy Fire Elementalist on Jan 27, 2022.
             Slain by a gnoll (3 damage)
             ... on level 2 of the Dungeon.
             The game lasted 00:03:43 (803 turns).

belegose the Magician (Mummy Fire Elementalist)      Turns: 803, Time: 00:03:43

Health: -1/19      AC:  2    Str: 11    XL:     2   Next: 86%
Magic:  6/6        EV:  6    Int: 14    God:
Gold:   46         SH:  0    Dex: 12    Spells: 6/7 levels left

rFire    x . .     SeeInvis .   i - +0 rapier
rCold    + . .     Faith    .   (no shield)
rNeg     + + +     Spirit   .   a - +0 robe
rPois    ∞         Reflect  .   (no helmet)
rElec    .         Harm     .   (no cloak)
rCorr    .         Rampage  .   (no gloves)
Will     .....                  (no boots)
Stlth    ++........             k - amulet of magic regeneration
HPRegen  0.06/turn              (no ring)
MPRegen  0.35/turn              (no ring)

@: held
A: cold resistance 1, negative energy resistance 3, torment resistance 2, heat
vulnerability 1, no potions
a: no special abilities


You were on level 2 of the Dungeon.
You visited 1 branch of the dungeon, and saw 2 of its levels.

You collected 46 gold pieces.

Inventory:

Hand Weapons
 d - a +0 mace
 i - a +0 rapier (weapon)
Missiles
 b - 109 stones
 c - 29 poisoned darts
 f - a throwing net
Armour
 a - a +0 robe (worn)
Jewellery
 k - an amulet of magic regeneration (around neck)
Scrolls
 e - a scroll of silence {unknown}
 g - a scroll of vulnerability {unknown}
 h - a scroll of noise {unknown}
 j - a scroll of identify {unknown}


   Skills:
 - Level 1.5 Dodging
 - Level 1.5 Stealth
 + Level 3.3 Spellcasting
 + Level 1.4 Conjurations
 + Level 2.8 Fire Magic


You had 6 spell levels left.
You knew the following spells:

 Your Spells              Type           Power      Damage    Failure   Level
a - Foxfire               Conj/Fire      32%        2x1d5     9%          1

Your spell library contained the following spells:

 Spells                   Type           Power      Damage    Failure   Level
 Conjure Flame            Conj/Fire      8%         6-21      26%         3
 Inner Flame              Hex/Fire       6%         N/A       34%         3
 Sticky Flame             Conj/Fire      8%         2d3       65%         4
 Fireball                 Conj/Fire      4%         3d4       94%         5


Dungeon Overview and Level Annotations

Branches:
Dungeon (2/15)

Altars:


Innate Abilities, Weirdness & Mutations

You are immune to poison.
Your flesh is cold resistant. (rC+)
You are immune to negative energy. (rN+++)
You are immune to unholy pain and torment.
You are vulnerable to heat. (rF-)
You do not drink.


Message History

Found three items.
Found a stone staircase leading up.
There is a stone staircase leading up here.
j - a scroll labelled HOUCZU IGOBLEU You now have 46 gold pieces (gained 4).
k - an amulet of magic regeneration You start putting on your amulet.
You continue putting on your amulet of magic regeneration. x5
You finish putting on your amulet of magic regeneration.
k - an amulet of magic regeneration (around neck) Unknown command.
A bat comes into view.
There is a stone staircase leading up here.
The bat closely misses you.
You barely miss the bat. The bat barely misses you. The bat misses you.
The bat misses you.
You hit the bat.
You kill the bat!
No target in view!
No target in view!
There is a stone staircase leading up here.
You climb upwards.
There is a stone staircase leading down here.
Unknown command.
There is a stone staircase leading down here.
You climb downwards.
The gnoll shouts!
You hear a shout!
The gnoll hits you from afar with a +2 vorpal halberd!
There is a stone staircase leading up here.
Unknown command.
The gnoll throws a throwing net.
The throwing net hits you.
You become entangled in the net!
You stop ascending the stairs.
Unknown command.
You struggle against the net.
The gnoll barely misses you.
You struggle against the net.
The gnoll hits you from afar with a +2 vorpal halberd!
* * * LOW HITPOINT WARNING * * *
x2 Unknown command.
You struggle against the net.
The gnoll hits you from afar with a +2 vorpal halberd.
You die...

. #. .. .. #.
####... #..
.g.....
###...##.......
.......@#
###...### #..
#. #


You could see a gnoll.

Vanquished Creatures
  2 giant cockroaches (D:1)
  A goblin (D:1)
  2 hobgoblins (D:1)
  3 jackals (D:1)
  3 kobolds (D:1)
  2 ball pythons (D:1)
  5 bats
  A frilled lizard (D:1)
  5 rats (D:1)
24 creatures vanquished.

Vanquished Creatures (others)
  38 foxfires (D:1)
38 creatures vanquished.

Grand Total: 62 creatures vanquished

Notes
Turn   | Place    | Note
-------+----------+-------------------------------------------
     0 | D:1      | belegose the Mummy Fire Elementalist began the quest for
                  | the Orb.
     0 | D:1      | Reached XP level 1. HP: 13/13 MP: 4/4
   126 | D:1      | Reached skill level 1 in Conjurations
   288 | D:1      | Reached skill level 3 in Spellcasting
   288 | D:1      | Reached XP level 2. HP: 19/19 MP: 4/6
   803 | D:2      | Slain by a gnoll

Illustrated notes

Levels and vault maps discovered:
D:1:      scummos_arrival_star, layout_rooms, serial_park_tiny_1,
          minmay_misc_feat_iff
D:2:      layout_loops_corners, hellmonk_ecumenical_altar_prayer_group,
          kennysheep_generic_room_13

Skill      XL: |  1 |
---------------+----+-----
Conjurations   | 1 |  1.4
Spellcasting   | 3 |  3.3
Dodging        | |  1.5
Stealth        | |  1.5
Fire Magic     | |  2.8

Action                   || total
-------------------------++-------
Melee: Mace              ||    10
       Unarmed           ||     1
       Rapier            ||     2
 Cast: Foxfire           ||    25
 Stab: Sleeping          ||     1
Armor: Robe              ||     8
Dodge: Dodged            ||    28
